 Dungeon Crawl Stone Soup version 0.21-a0-404-g291f19a (webtiles) character file.

186 qqqbard the Skirmisher (level 5, -1/28 HPs)
             Began as a Vine Stalker Fighter on Oct 30, 2017.
             Slain by a bullfrog skeleton (2 damage)
             ... on level 4 of the Dungeon.
             The game lasted 00:03:14 (2586 turns).

qqqbard the Skirmisher (Vine Stalker Fighter)       Turns: 2586, Time: 00:03:15

Health: -1/28      AC:  7    Str: 20    XL:     5   Next: 66%
Magic:  0/6        EV:  8    Int:  8    God:
Gold:   112        SH:  9    Dex: 13    Spells: 4/4 levels left

rFire    . . .     SeeInvis .   a - +0 long sword
rCold    . . .     Gourm    .   c - +0 shield
rNeg     . . .     Faith    .   b - +0 scale mail
rPois    .         Spirit   +   p - +0 helmet
rElec    .         Reflect  .   (no cloak)
rCorr    .         Harm     .   (no gloves)
MR       .....                  (no boots)
Stlth    ..........             (no amulet)
HPRegen  0.49/turn              (no ring)
MPRegen  0.10/turn              (no ring)

@: lethally poisoned (-1 -> -3)
A: fangs 2, regeneration 1, magic shield, antimagic bite, no potion heal 3, rot
immunity
a: no special abilities


You were on level 4 of the Dungeon.
You were not hungry.

You visited 1 branch of the dungeon, and saw 4 of its levels.

You collected 112 gold pieces.

Inventory:

Hand Weapons
 a - a +0 long sword (weapon)
 k - a +1 dagger of venom
Armour
 b - a +0 scale mail (worn)
 c - a +0 shield (worn)
 p - a +0 helmet (worn)
Jewellery
 h - an uncursed amulet of rage {unknown}
 n - a +3 ring of protection {unknown}
 v - a +4 ring of strength {unknown}
Scrolls
 g - a scroll of amnesia {unknown}
 i - 2 scrolls of enchant weapon {unknown}
 m - 3 scrolls of identify {unknown}
 o - a scroll of recharging {unknown}
 q - a scroll of random uselessness {unknown}
 r - a scroll of noise {unknown}
 s - a scroll of enchant armour {unknown}
 t - a scroll of teleportation {unknown}
Potions
 d - a potion of might
 e - 2 potions of heal wounds {unknown}
 l - a potion of berserk rage {unknown}
 w - a potion of haste
Comestibles
 f - 3 bread rations
 j - 7 chunks of flesh
 u - a meat ration


   Skills:
 + Level 3.3 Fighting
 * Level 3.2 Long Blades
 + Level 3.0 Armour
 + Level 1.4 Dodging
 + Level 3.3 Shields


You had 4 spell levels left.
You didn't know any spells.

Dungeon Overview and Level Annotations

Branches:
Dungeon (4/15)
 Temple: D:4-7

Altars:
Makhleb
Okawaru
Uskayaw
Wu Jian
Yredelemnul


Innate Abilities, Weirdness & Mutations

You have extremely sharp teeth.
Your natural rate of healing is unusually fast.
When hurt, damage is shared between your health and your magic reserves.
Your bite disrupts and absorbs the magic of your enemies.
Potions cannot restore your health.
You are immune to rotting.


Message History

* * * LOW HITPOINT WARNING * * *
You feel sick.
You slash the bullfrog skeleton!
The bullfrog skeleton is moderately damaged.
You feel sick. The worker ant closely misses you.
You riposte.
Your shield and scale mail prevent you from hitting the worker ant.
Your bite misses the worker ant.
The worker ant is heavily wounded.
The bullfrog skeleton barely misses you.
You riposte.
You hit the bullfrog skeleton.
The bullfrog skeleton is heavily damaged.
The worker ant bites you but does no damage.
You block the bullfrog skeleton's attack.
You block the worker ant's attack.
There is a fountain of clear blue water here.
* * * LOW HITPOINT WARNING * * *
You feel sick. The worker ant bites you.
You are lethally poisoned!
The worker ant poisons you! The bullfrog skeleton hits you.
You die...

####
...
##.##
##...##
#.⌠.⌠.#
#.@<..#
#.Za⌠.#
##...##
#####


You could see a worker ant and a bullfrog skeleton.

Vanquished Creatures
  An orc priest (D:3)
  3 gnolls
  4 adders (D:3)
  2 worms (D:3)
  A dart slug (D:2)
  2 leopard geckos (D:1)
  7 orcs (D:3)
  6 bats
  3 giant cockroaches
  9 goblins
  9 hobgoblins
  10 jackals
  5 kobolds
  A quokka (D:2)
  A ball python (D:1)
  A frilled lizard (D:2)
  8 rats
73 creatures vanquished.

Notes
Turn   | Place    | Note
-------+----------+-------------------------------------------
     0 | D:1      | qqqbard the Vine Stalker Fighter began the quest for the Orb.
     0 | D:1      | Reached XP level 1. HP: 11/11 MP: 2/2
    58 | D:1      | Reached XP level 2. HP: 16/16 MP: 3/3
   716 | D:1      | Reached XP level 3. HP: 15/19 MP: 4/4
  1466 | D:2      | Found a burning altar of Makhleb.
  1466 | D:2      | Noticed a blizzard demon
  1865 | D:3      | Gained mutation: Your natural rate of healing is unusually fast. [Vine Stalker growth]
  1865 | D:3      | Reached XP level 4. HP: 7/24 MP: 1/5
  1934 | D:3      | Reached skill level 1 in Dodging
  2017 | D:3      | Reached XP level 5. HP: 28/28 MP: 6/6
  2086 | D:3      | Found an iron altar of Okawaru.
  2255 | D:3      | Found a hide-covered altar of Uskayaw.
  2256 | D:3      | Found a basalt altar of Yredelemnul.
  2271 | D:3      | Found an ornate altar of the Wu Jian Council.
  2584 | D:4      | HP: 1/28 [poisoned by a worker ant]
  2586 | D:4      | Slain by a bullfrog skeleton

Vault maps used:
D:1:      ncdulo_halloftheorcs
D:2:      serial_forest, infiniplex_forest_clump_cross,
          infiniplex_forest_clump_double, infiniplex_forest_lined_corner,
          infiniplex_forest_clump_tiny, infiniplex_forest_lined_room_2,
          infiniplex_forest_lined_4_way, makhleb_altar_promises_db
D:3:      grunt_temple_overflow_open, kennysheep_okawaru_gauntlet
D:4:      lightli_ossuary_entry_decrepit_ruins, grunt_ministairs_11,
          minmay_checkerbox

Skill      XL: |  1  2  3  4  5 |
---------------+----------------+-----
Long Blades    | 2 3 |  3.2
Shields        | 3 |  3.3
Fighting       | 3 |  3.3
Dodging        | 1 |  1.4
Armour         | 3 |  3.0

Action                   |  1- 3 |  4- 6 || total
-------------------------+-------+-------++-------
Melee: Long sword        |    93 |   100 ||   193
       Bite              |    24 |    30 ||    54
  Eat: Chunk             |     3 |     3 ||     6
Armor: Scale mail        |    41 |    48 ||    89
Dodge: Dodged            |    53 |    45 ||    98
Block: Shield            |    70 |    54 ||   124
       Rpst.: Long sword |    20 |    14 ||    34

Table legend:
 A = Spawn XP
 B = Non-spawn XP
 C = Spawn XP percentage of total XP
 D = Spawn monster count
 E = Non-spawn monster count
 F = Spawn count percentage of total count
 G = Total turns spent on level
                    A         B        C        D         E        F      G
               +---------+---------+-------+---------+---------+-------+---------
         Total |       0 |     267 |   0.0 |       0 |      73 |   0.0 |  2586
               +---------+---------+-------+---------+---------+-------+---------
           D:1 |       0 |      41 |   0.0 |       0 |      23 |   0.0 |  1204
           D:2 |       0 |      59 |   0.0 |       0 |      19 |   0.0 |   695
           D:3 |       0 |     167 |   0.0 |       0 |      31 |   0.0 |   675
               +---------+---------+-------+---------+---------+-------+---------
